 Seeded DCSS version 0.31-a0-557-g6e16503903 (webtiles) character file.

Game seed: 16161720884980326079 (custom seed)

14 innerfire43 the Ducker (level 2, -1/24 HPs)
             Began as a Human Monk on Aug 16, 2023.
             Was a Believer of Zin.
             Slain by Terence
             ... wielding a +0 morningstar
              (15 damage)
             ... on level 2 of the Dungeon.
             The game lasted 00:01:59 (587 turns).

innerfire43 the Ducker (Human Monk)                  Turns: 587, Time: 00:02:00

Health: -1/24      AC:  3    Str: 12    XL:     2   Next: 60%
Magic:  2/2        EV: 13    Int: 11    God:    Zin [**....]
Gold:   32         SH:  0    Dex: 16    Spells: 1/1 levels left

rFire   . . .        a - +0 mace
rCold   . . .        d - orb {light}
rNeg    . . .        b - +0 robe
rPois   ∞            f - +0 helmet
rElec   .            (no cloak)
rCorr   .            (no gloves)
SInv    .            (no boots)
Will    .....        j - amulet of faith
Stlth   +            (no ring)
HPRegen 0.24/turn    (no ring)
MPRegen 0.08/turn

%: faith
@: confused, vitalised, ambrosia-drunk, glowing
A: no striking features
a: Renounce Religion, Recite, Vitalisation, Donate Gold


You were on level 2 of the Dungeon.
You worshipped Zin.
Zin was pleased with you.
You visited 1 branch of the dungeon, and saw 2 of its levels.

You collected 35 gold pieces.
You donated 3 gold pieces to Zin.

Inventory:

Hand Weapons
 a - a +0 mace (weapon)
Armour
 b - a +0 robe (worn)
 d - an orb of light (worn)
 f - a +0 helmet (worn)
Jewellery
 j - an amulet of faith (around neck)
Scrolls
 g - 2 scrolls of silence {unknown}
 i - a scroll of brand weapon {unknown}
Potions
 e - a potion of heal wounds {unknown}
 h - a potion of haste {unknown}


   Skills:
 + Level 3.2 Fighting
 + Level 3.2 Maces & Flails
 + Level 0.1 Armour
 + Level 3.2 Dodging
 + Level 0.2 Invocations


You had one spell level left.
You didn't know any spells.
Your spell library was empty.

Dungeon Overview and Level Annotations

Branches:
Dungeon (2/15)

Altars:
Zin

Annotations:
D:2 Terence


Message History

Terence barely misses you.
You completely miss Terence.
Terence is lightly wounded.
Terence closely misses you.
You hit Terence.
Terence is moderately wounded.
Terence says, "Rest in peace."
Terence closely misses you.
Terence shouts, "Get ready for death!"
Terence closely misses you.
You hit Terence but do no damage.
Terence is moderately wounded.
Terence barely misses you. Zin grants you divine stamina.
You can no longer call upon Zin to imprison the lawless.
Terence hits you with a +0 morningstar!
* * * LOW HITPOINT WARNING * * *
You hit Terence but do no damage.
Terence is moderately wounded.
Terence closely misses you.
You hit Terence.
Terence is heavily wounded.
Terence hits you with a +0 morningstar.
* * * LOW HITPOINT WARNING * * *
Unknown command.
Terence attacks as you move away! Terence closely misses you.
You are confused.
You feel invigorated. Terence hits you but does no damage.
You bump into the rock wall.
Terence hits you with a +0 morningstar.
You bump into the rock wall.
Terence hits you with a +0 morningstar!
* * * LOW HITPOINT WARNING * * *
You bump into the rock wall.
Terence hits you with a +0 morningstar.
* * * LOW HITPOINT WARNING * * *
You thump Terence!
Terence is almost dead.
Terence barely misses you.
Terence bares his teeth.
Terence hits you with a +0 morningstar!
Ouch! That really hurt!
You die...

#...#<....#
#.#.#####.#
#.#.......#
#.#########
#.# #.# #.#
###
#.#######..+
#.##.@@rg..#
#.##.###...#
#.##.#.'...+
#....#.#...#
######g#...#
. ..### ..
..# .. ..#
... ...#


You could see Terence, a goblin and a rat.

Vanquished Creatures
  A dart slug (D:1)
  An endoplasm (D:1)
  A goblin (D:2)
  A hobgoblin (D:1)
  5 kobolds
  A quokka (D:1)
  A frilled lizard (D:1)
11 creatures vanquished.

Notes
Turn   | Place    | Note
-------+----------+-------------------------------------------
     0 | D:1      | innerfire43 the Human Monk began the quest for the Orb.
     0 | D:1      | Reached XP level 1. HP: 18/18 MP: 1/1
    76 | D:1      | Found a faded altar of an unknown god.
   134 | D:1      | Reached XP level 2. HP: 12/24 MP: 2/2
   145 | D:1      | Prayed at the altar of an unknown god.
   145 | D:1      | Became a worshipper of Zin the Law-Giver
   145 | D:1      | Reached * piety under Zin
   145 | D:1      | Reached ** piety under Zin
   227 | D:1      | Reached *** piety under Zin
   556 | D:2      | Noticed Terence
   587 | D:2      | Slain by Terence

Illustrated notes

Levels and vault maps discovered:
D:1:      nzn_arrival_settlement, layout_rooms,
          shapermc_ecumenical_altar_starsandcircs
D:2:      layout_basic, feat_on_display, uniq_jessica, uniq_robin,
          uniq_crazy_yiuf_cottage, uniq_terence

Action                     || total
---------------------------++-------
  Melee: Mace              ||    40
 Invoke: Vitalisation      ||     1
    Use: Potion            ||     2
 Armour: Robe              ||    10
  Dodge: Dodged            ||    38

Table legend: (Time is in decaauts)
 A = Elapsed time spent in this place.
 B = Non-inter-level travel time spent in this place.
 C = Inter-level travel time spent in this place.
 D = Time resting spent in this place.
 E = Time spent auto-exploring this place.
 F = Levels seen in this place.
 G = Mean time per level.
                   A        B        C        D        E       F      G
               +--------+--------+--------+--------+--------+-----+--------+
         Total |    596 |    578 |     18 |      0 |    434 |   2 |  298.0 |
       Dungeon |    596 |    578 |     18 |      0 |    434 |   2 |  298.0 |
               +--------+--------+--------+--------+--------+-----+--------+

Top non-repeatable levels by time:
     D:1: 526 daAuts
     D:2: 69 daAuts
